 Dungeon Crawl Stone Soup version 0.22.1-1-ga44c0e56f4 (webtiles) character file.

2661 NochnoyZador the Grappler (level 9, -9/84 HPs)
             Began as a Troll Monk on Oct 12, 2018.
             Killed from afar by Harold (15 damage)
             ... with a harpoon shot
             ... on level 6 of the Dungeon.
             The game lasted 00:41:28 (5386 turns).

NochnoyZador the Grappler (Troll Monk)              Turns: 5386, Time: 00:41:29

Health: -9/84      AC:  5    Str: 24    XL:     9   Next: 36%
Magic:  8/8        EV: 10    Int:  4    God:
Gold:   277        SH:  9    Dex: 12    Spells: 8/8 levels left

rFire    . . .     SeeInvis .     - Unarmed
rCold    . . .     Gourm    +   n - +0 shield
rNeg     + + +     Faith    +   a - +0 robe
rPois    +         Spirit   .   (helmet restricted)
rElec    .         Reflect  .   (no cloak)
rCorr    .         Harm     .   (gloves unavailable)
MR       .....                  (boots unavailable)
Stlth    ++........             y - amulet of faith
HPRegen  0.64/turn              r - ring "Xedabboe" {*Drain +Fly rPois rN+++ Int-2}
MPRegen  0.11/turn              v - ring of poison resistance

@: marked
A: large, unfitting armour, claws 3, fast metabolism 3, gourmand, regeneration
1, shaggy fur 1, tough skin 2
a: Evoke Flight


You were on level 6 of the Dungeon.
You were full.

You visited 1 branch of the dungeon, and saw 7 of its levels.
You also visited: Ossuary.

You collected 277 gold pieces.

Inventory:

Missiles
 E - 5 large rocks (quivered)
Armour
 a - a +0 robe (worn)
 n - a +0 shield (worn)
Jewellery
 r - the ring "Xedabboe" (left claw) {*Drain +Fly rPois rN+++ Int-2}
   (You found it on level 4 of the Dungeon)

   [ring of flight]

   It affects your intelligence (-2).
   It protects you from poison.
   It renders you almost immune to negative energy.
   It lets you fly.
   It causes draining when unequipped.
 v - a ring of poison resistance (right claw)
 y - an amulet of faith (around neck)
 B - a cursed amulet of inaccuracy {unknown}
 D - an uncursed ring of fire {unknown}
Wands
 f - a wand of flame (31)
 o - a wand of disintegration (13)
Scrolls
 c - 2 scrolls of fog
 e - a scroll of identify
 g - 3 scrolls of teleportation
 h - 2 scrolls of enchant weapon
 i - 3 scrolls of immolation
 k - a scroll of blinking {unknown}
 l - 3 scrolls of magic mapping
 q - a scroll of enchant armour {unknown}
 s - 2 scrolls of remove curse {unknown}
 u - a scroll of amnesia {unknown}
Potions
 d - 4 potions of haste
 j - a potion of invisibility {unknown}
 m - a potion of might {unknown}
 p - 2 potions of flight {unknown}
 t - a potion of agility {unknown}
 w - 2 potions of resistance {unknown}
 x - a potion of brilliance {unknown}
 z - 3 potions of curing
 A - a potion of mutation {unknown}
Comestibles
 b - 11 rations


   Skills:
 * Level 3.9 Fighting
 * Level 4.7 Dodging
 * Level 2.5 Stealth
 * Level 3.4 Shields
 * Level 10.0 Unarmed Combat


You had 8 spell levels left.
You didn't know any spells.
Your spell library contained the following spells:

 Spells                   Type           Power        Failure   Level  Hunger
 Confusing Touch          Hex            #.....       88%         1    ##.....
 Flame Tongue             Conj/Fire      #....        88%         1    ##.....
 Throw Flame              Conj/Fire      #.....       96%         2    ###....
 Confuse                  Hex            #.......     99%         3    ####...
 Conjure Flame            Conj/Fire      #.......     99%         3    ####...
 Gell's Gravitas          Tloc           #.........   99%         3    ####...
 Inner Flame              Hex/Fire       #.......     99%         3    ####...
 Petrify                  Tmut/Erth      #.......     100%        4    #####..
 Sticky Flame             Conj/Fire      #.......     100%        4    #####..
 Fireball                 Conj/Fire      #.........   100%        5    ######.
 Metabolic Englaciation   Hex/Ice        #.........   100%        5    ######.
 Yara's Violent Unravell  Hex/Tmut       #.........   100%        5    ######.


Dungeon Overview and Level Annotations

Branches:
Dungeon (7/15)
 Temple: D:4-7

Altars:
Cheibriados
Kikubaaqudgha

Shops:
D:4 }

Annotations:
D:6 Harold


Innate Abilities, Weirdness & Mutations

You are too large for most types of armour.
You have claws for hands.
Your metabolism is lightning-fast.
You like to eat raw meat.
Your natural rate of healing is unusually fast.
You are covered in fur. (AC +1)
You have very tough skin. (AC +2)


Message History

The harpoon shot hits you!
You are yanked forward by the harpoon shot.
There is an open door here.
Harold points at you and mumbles some strange words.
The harpoon shot hits you!
* * * LOW HITPOINT WARNING * * *
You are yanked forward by the harpoon shot.
You claw Harold!
Harold is moderately wounded.
Harold hits you with a hand axe of chopping!
* * * LOW HITPOINT WARNING * * *
x2 You block the wight's attack.
There is an open door here.
Harold points at you and mumbles some strange words.
The mark upon you grows brighter. Harold casts a spell at you.
The mark upon you grows brighter. Harold gestures at you while chanting.
The harpoon shot hits you!
You die...

#.....#######............+.....#.
#.....#.....#........#####.....#.
#.....'.....#........##..#.....#.
#.....#.....#....######..#.....##
#.....#.....#######..##..#####...
#######.....#....#...........#...
............#....#...........#...
......>..).......'...........#...
.[.....#####....@##..........#...
.......# #.....##..######..#...
######## #......'..#....####...
#......#..#........###
#######..@.###'#........#
#.....###z##............#
#........z..........<...#
#######...............####....#
..............[.......# #....#


You could see Harold and 2 wights.

Vanquished Creatures
  Pikel (D:7)
  Edmund (D:6)
  Duvessa (D:5)
  An ice beast (D:5)
  A phantom (D:6)
  2 ogres
  2 elf zombies (Ossuary)
  Blork the orc (D:6)
  2 bullfrogs (D:6)
  2 scorpions
  Dowan (D:6)
  2 killer bees (D:7)
  A wight (D:6)
  2 electric eels (D:4)
  A howler monkey (D:2)
  A crimson imp (D:5)
  A bullfrog zombie (D:6)
  A centaur zombie (Ossuary)
  A quasit (D:6)
  5 hounds
  A centaur skeleton (D:6)
  An orc priest (D:6)
  Natasha (twice) (D:3)
  A human zombie (Ossuary)
  A bullfrog skeleton (D:6)
  An iguana (D:5)
  A worker ant (D:6)
  An orc wizard (D:4)
  A killer bee zombie (D:5)
  2 big kobold zombies (Ossuary)
  A hound zombie (D:5)
  2 mummies (Ossuary)
  A hound skeleton (D:6)
  A worker ant zombie (D:6)
  Robin (D:2)
  3 gnolls (D:5)
  9 adders
  3 oozes
  2 adder skeletons (D:4)
  2 adder zombies
  4 worms
  3 dart slugs
  3 leopard geckos
  11 orcs
  9 bats
  8 giant cockroaches
  16 hobgoblins
  3 jackals (D:6)
  7 kobolds
  A quokka (D:3)
  A ball python (D:4)
  3 frilled lizards
  12 goblins
  13 hobgoblin zombies (Ossuary)
  3 jackal zombies
  6 kobold zombies (Ossuary)
  2 leopard gecko skeletons
  9 orc zombies (Ossuary)
  3 rats
184 creatures vanquished.

Vanquished Creatures (others)
  A slave (D:7)
  2 killer bees (D:7)
3 creatures vanquished.

Grand Total: 187 creatures vanquished

Notes
Turn   | Place    | Note
-------+----------+-------------------------------------------
     0 | D:1      | NochnoyZador the Troll Monk began the quest for the Orb.
     0 | D:1      | Reached XP level 1. HP: 22/22 MP: 0/0
    77 | D:1      | Reached XP level 2. HP: 29/29 MP: 1/1
   212 | D:1      | Reached skill level 4 in Unarmed Combat
   328 | D:1      | Reached XP level 3. HP: 36/36 MP: 2/2
   640 | D:2      | Reached skill level 5 in Unarmed Combat
   640 | D:2      | Reached XP level 4. HP: 44/44 MP: 3/3
   804 | D:2      | Noticed Robin
   812 | D:2      | Killed Robin
  1263 | D:3      | Noticed Natasha
  1269 | D:3      | Killed Natasha
  1269 | D:3      | Reached XP level 5. HP: 46/50 MP: 4/4
  1359 | D:3      | Noticed Natasha
  1360 | D:3      | Reached skill level 6 in Unarmed Combat
  1371 | D:3      | Killed Natasha
  1709 | D:4      | Reached XP level 6. HP: 32/59 MP: 5/5
  1755 | D:4      | Found Zayl's Gadget Shoppe.
  1806 | D:4      | Found a transporter.
  1908 | D:4      | Got a flickering tin ring
  2142 | D:4      | Found a transporter.
  2431 | D:4      | Identified the ring "Xedabboe" {*Drain +Fly rPois rN+++
                  | Int-2} (You found it on level 4 of the Dungeon)
  2656 | D:4      | Reached skill level 1 in Shields
  2771 | D:5      | Entered Level 5 of the Dungeon
  2796 | D:5      | Reached skill level 7 in Unarmed Combat
  2800 | D:5      | Reached XP level 7. HP: 55/66 MP: 6/6
  3094 | D:5      | Found a sand-covered staircase.
  3105 | Ossuary  | Entered an ossuary
  3349 | Ossuary  | Reached skill level 8 in Unarmed Combat
  3370 | Ossuary  | Reached XP level 8. HP: 63/75 MP: 7/7
  3934 | D:6      | Found an ancient bone altar of Kikubaaqudgha.
  4109 | D:6      | Found a snail-covered altar of Cheibriados.
  4109 | D:6      | Noticed Blork the orc
  4121 | D:6      | Killed Blork the orc
  4130 | D:6      | Noticed Dowan
  4132 | D:6      | Noticed Duvessa
  4148 | D:6      | Killed Dowan
  4215 | D:5      | Killed Duvessa
  4215 | D:5      | Reached skill level 9 in Unarmed Combat
  4359 | D:6      | Noticed Edmund
  4367 | D:6      | Killed Edmund
  4443 | D:6      | Reached XP level 9. HP: 84/84 MP: 8/8
  4923 | D:7      | Noticed Pikel
  4943 | D:7      | Killed Pikel
  4956 | D:7      | HP: 4/84 [poisoned by a killer bee]
  4962 | D:7      | HP: 3/84 [poisoned by a killer bee]
  4968 | D:6      | HP: 3/84 [poisoned by a killer bee]
  5114 | D:7      | Reached skill level 10 in Unarmed Combat
  5125 | D:7      | Noticed Harold
  5379 | D:6      | HP: 1/84 [Harold/hand axe of chopping (5)]
  5386 | D:6      | Killed from afar by Harold

Skill      XL: |  1  2  3  4  5  6  7  8  9 |
---------------+----------------------------+-----
Unarmed Combat | 4 5 6 7 8 9 10 | 10.0
Shields        | 1 3 |  3.4
Dodging        | 3 4 |  4.7
Fighting       | 3 |  3.9
Stealth        | 2 |  2.5

Action                   |  1- 3 |  4- 6 |  7- 9 || total
-------------------------+-------+-------+-------++-------
Melee: Unarmed           |    63 |   188 |   322 ||   573
       Punch             |       |     1 |       ||     1
  Use: Scroll            |       |     5 |     5 ||    10
       Potion            |       |       |     1 ||     1
 Stab: Sleeping          |     2 |       |     3 ||     5
       Distracted        |       |       |     1 ||     1
  Eat: Chunk             |    11 |    19 |    19 ||    49
       Ration            |       |       |     1 ||     1
Armor: Robe              |    22 |    52 |    79 ||   153
Dodge: Dodged            |    28 |    58 |   116 ||   202
Block: Shield            |       |    24 |   142 ||   166
